AoeStats
← HAKUNA MATATA

Arena

505432394Analyzed
4v4 RM · 23d ago on Sep 9, 2026· 44m 56s· 8 players
Game mode
Random Map
Map size
Large (8 player)
Population
200
Speed
Normal
Resources
Standard
Victory
Conquest
Starting age
Dark Age
Ending age
Imperial Age
RankedLock teamsTeams togetherTeam positionsShared explorationLock speedFull tech treeHidden civsTurbo modeCheats
Victory
Defeat
🇪🇸 Britons · Spain
1550
+8
🇭🇰 Bohemians · Hong Kong SAR China
1413
+12
🇹🇷 Malay · Türkiye
1357
+15
🇦🇷 Teutons · Argentina
1346
+15
🇨🇳 Franks · China
1373
-14
🇨🇳 Aztecs · China
1365
-14
🇦🇺 Cumans · Australia
1311
-11
🇦🇺 Armenians · Australia
1290
-11
chase kong
10:25 Feudal Age
11:57 Double-Bit Axe
14:21 Castle Age
13:32 Horse Collar
15:25 Bow Saw
16:06 Loom
19:50 Heavy Plow
19:51 Town Watch
21:14 Wheelbarrow
21:49 Gold Mining
21:51 Stone Mining
23:21 Gold Shaft Mining
23:21 Fervor
23:58 Stone Shaft Mining
24:36 Hand Cart
26:14 Sanctity
25:56 Devotion
25:52 Herbal Medicine
29:29 Imperial Age
27:03 Fletching
27:13 Padded Archer Armor
28:32 Devotion
28:27 Herbal Medicine
28:43 Redemption
30:13 Bodkin Arrow
30:18 Padded Archer Armor
30:18 Scale Mail Armor
30:29 Forging
30:03 Treadmill Crane
30:48 Block Printing
30:59 Illumination
31:09 Theocracy
31:47 Crop Rotation
31:41 Atlatl
32:02 Conscription
31:36 Elite Skirmisher
32:28 Bracer
33:53 Leather Archer Armor
34:00 Ballistics
34:40 Chemistry
35:48 Faith
35:38 Onager
36:46 Pikeman
37:26 Squires
37:11 Gambesons
37:12 Arson
38:28 Garland Wars
38:54 Siege Onager
40:33 Chain Mail Armor
40:28 Forging
40:29 Siege Onager
40:37 Crossbowman
41:26 Capped Ram
43:07 Arbalester
123456
11:05 Feudal Age
14:47 Castle Age
13:27 Double-Bit Axe
15:49 Bow Saw
20:05 Wheelbarrow
19:26 Loom
23:57 Hand Cart
29:03 Imperial Age
26:41 Stone Mining
27:07 Fletching
27:17 Padded Archer Armor
26:42 Elite Skirmisher
27:26 Gold Mining
28:19 Masonry
28:32 Ballistics
28:49 Bodkin Arrow
29:10 Leather Archer Armor
30:13 Conscription
31:27 Chemistry
30:39 Forging
33:19 Conscription
34:05 Scale Barding Armor
34:36 Iron Casting
38:17 Chain Barding Armor
38:58 Blast Furnace
38:02 Chivalry
38:45 Cavalier
39:27 Husbandry
40:05 Plate Barding Armor
Banana
8:24 Feudal Age
9:55 Double-Bit Axe
16:00 Horse Collar
24:42 Castle Age
23:22 Gold Mining
24:17 Wheelbarrow
28:27 Hand Cart
28:26 Bow Saw
28:31 Heavy Plow
32:23 Imperial Age
30:16 Scale Barding Armor
30:29 Forging
31:08 Gold Mining
32:16 Chain Barding Armor
32:31 Iron Casting
32:36 Bloodlines
32:30 Cavalier
33:47 Plate Barding Armor
35:31 Paladin
40:30 Fletching
42:55 Gold Shaft Mining
42:44 Caravan
Apple
9:55 Feudal Age
10:56 Man-at-Arms
13:11 Scale Mail Armor
15:16 Long Swordsman
17:36 Forging
19:57 Double-Bit Axe
19:54 Horse Collar
25:30 Castle Age
27:39 Bow Saw
27:31 Heavy Plow
30:48 Gold Mining
30:49 Stone Mining
31:25 Loom
Bear
11:23 Feudal Age
15:29 Castle Age
32:13 Castle Age
32:28 Double-Bit Axe
32:24 Horse Collar
38:02 Wheelbarrow
38:25 Pikeman
40:24 Hand Cart
41:08 Squires
41:12 Scale Mail Armor
43:59 Chain Mail Armor
43:55 Forging
302
11:24 Feudal Age
14:50 Castle Age
12:52 Horse Collar
14:21 Double-Bit Axe
15:45 Scale Barding Armor
22:26 Bow Saw
23:12 Wheelbarrow
23:50 Loom
26:41 Town Watch
29:47 Imperial Age
27:24 Fletching
27:50 Heavy Plow
29:22 Chemistry
29:04 Ballistics
29:31 Wagenburg Tactics
29:44 Bodkin Arrow
33:14 Elite Hussite Wagon
35:37 Scale Mail Armor
35:47 Forging
35:33 Pikeman
36:13 Squires
35:59 Arson
37:05 Conscription
37:01 Chain Mail Armor
37:46 Fervor
37:07 Halberdier
39:33 Plate Mail Armor
40:47 Iron Casting
40:23 Masonry
41:41 Hand Cart
43:06 Siege Engineers
44:06 Capped Ram
Puskas
10:45 Feudal Age
14:44 Castle Age
14:12 Double-Bit Axe
14:09 Horse Collar
20:10 Wheelbarrow
19:52 Loom
21:52 Town Watch
22:07 Gold Mining
25:56 Imperial Age
24:09 Fletching
24:19 Padded Archer Armor
24:15 Stone Mining
25:40 Gold Shaft Mining
26:12 Ballistics
25:52 Bodkin Arrow
26:12 Leather Archer Armor
27:23 Bracer
28:46 Chemistry
28:32 Conscription
28:59 Ring Archer Armor
28:44 Masonry
29:41 Town Patrol
29:57 Hand Cart
31:25 Elite Longbowman
36:02 Murder Holes
36:34 Capped Ram
39:58 Coinage
42:20 Banking
HAKUNA MATATA
11:48 Feudal Age
15:34 Castle Age
15:40 Double-Bit Axe
15:37 Horse Collar
28:47 Imperial Age
27:25 Forging
27:21 Scale Barding Armor
27:04 Loom
27:54 Wheelbarrow
27:05 Town Watch
29:36 Chemistry
28:29 Elite Battle Elephant
29:10 Husbandry
29:49 Iron Casting
32:39 Blast Furnace
32:02 Hand Cart
35:48 Fletching
36:42 Bodkin Arrow
37:39 Man-at-Arms
38:20 Squires
38:07 Arson
38:13 Light Cavalry
39:43 Long Swordsman
40:28 Forced Levy
40:49 Conscription
40:31 Bracer
40:49 Two-Handed Swordsman
Connection lost

Rejoining the realm…

Still unreachable

The connection could not be restored.

Session expired

The server has moved on; the page needs a fresh start.